CBL
VANCOUVER GRIZZLIES @ MEMPHIS BLUES
04/26/2053
 
TOP OF THE 1ST
Vancouver Grizzlies batting - Pitching for Memphis Blues : RHP Cal Bates
Pitching: RHP Cal Bates
Batting: SHB Dan King 0-0: Swinging Strike
0-1: Ball
1-1: Foul Ball, location: 7LDF
1-2: Ball
2-2: Foul Ball, location: 2F
2-2: Foul Ball, location: 23FF
2-2: Foul Ball, location: 7LMF
2-2: Foul Ball, location: 7LMF
2-2: SINGLE (Line Drive, 4D, EV 95.6 MPH)
Batting: SHB Clint Beda 0-0: Ball
1-0: Ball
2-0: Ball
3-0: Called Strike
3-1: Fly out, F9 (Flyball, 9S, EV 93.1 MPH)
Batting: RHB Sergio Herrera 0-0: Ball
1-0: Called Strike
1-1: Ball
2-1: DOUBLE (Line Drive, 9LS, EV 104.4 MPH)
Dan King to third
Runner from 3rd tries for Home, SAFE, no throw by RF
Batting: LHB Tony Chapa 0-0: Called Strike
0-1: Ball
1-1: Swinging Strike
1-2: Strikes out looking
Batting: RHB Stan Struchen 0-0: Ball
1-0: Ball
2-0: Called Strike
2-1: Ball
3-1: Foul Ball, location: 2F
3-2: Ground out 6-3 (Groundball, 56, EV 84.4 MPH)
Top of the 1st over - 1 run, 2 hits, 0 errors, 1 left on base; Vancouver 1 - Memphis 0
BOTTOM OF THE 1ST
Memphis Blues batting - Pitching for Vancouver Grizzlies : LHP Jim Dotterweich
Pitching: LHP Jim Dotterweich
Batting: RHB Bobby Castoro 0-0: Foul Ball, location: 5F
0-1: Foul Ball, location: 2F
0-2: Ball
1-2: Strikes out swinging
Batting: SHB Dominic Sackett Jr. 0-0: Ball
1-0: Foul Ball, location: 2F
1-1: Ball
2-1: Foul Ball, location: 2F
2-2: Strikes out swinging
Batting: LHB Dan Gaccione 0-0: SOLO HOME RUN (Flyball, 7D, EV 95.0 MPH), Distance : 371 ft
Batting: SHB Jesús Escobedo 0-0: Called Strike
0-1: Ball
1-1: Foul Ball, location: 5FF
1-2: Foul Ball, location: 2F
1-2: Ball
2-2: Ball
3-2: DOUBLE (Groundball, 5L, EV 98.1 MPH)
Batting: RHB Dave Goff 0-0: Ball
1-0: Ball
2-0: Swinging Strike
2-1: Called Strike
2-2: Foul Ball, location: 2F
2-2: Foul Ball, location: 9LSF
2-2: Foul Ball, location: 5FF
2-2: Foul Ball, location: 2F
2-2: Ball
3-2: Strikes out swinging
Bottom of the 1st over - 1 run, 2 hits, 0 errors, 1 left on base; Vancouver 1 - Memphis 1
TOP OF THE 2ND
Vancouver Grizzlies batting - Pitching for Memphis Blues : RHP Cal Bates
Batting: RHB José Montero 0-0: Foul Ball, location: 5SF
0-1: Foul Ball, location: 2F
0-2: SINGLE (Line Drive, 6M, EV 107.5 MPH)
Batting: RHB Liam Castro 0-0: Ball
1-0: Called Strike
1-1: Called Strike
1-2: Ball
2-2: Strikes out swinging
Batting: RHB Dan Breindel 0-0: Ball
José Montero steals 2nd base
1-0: Fielders Choice at 3rd, 6-5 (Groundball, 6, EV 105.0 MPH)
Batting: RHB Ed Nigro 0-0: Ball
Dan Breindel steals 2nd base
1-0: Fly out, F8 (Flyball, 8RD, EV 99.4 MPH)
Top of the 2nd over - 0 runs, 1 hit, 0 errors, 1 left on base; Vancouver 1 - Memphis 1
BOTTOM OF THE 2ND
Memphis Blues batting - Pitching for Vancouver Grizzlies : LHP Jim Dotterweich
Batting: LHB Beau Wainright 0-0: Ball
1-0: Ball
2-0: Fly out, F4 (Popup, 4MD, EV 68.8 MPH)
Batting: SHB Marty Byrde 0-0: Ball
1-0: Called Strike
1-1: Swinging Strike
1-2: Strikes out swinging
Batting: RHB Jesús Pérez 0-0: Ground out 6-3 (Groundball, 6, EV 101.3 MPH)
Bottom of the 2nd over - 0 runs, 0 hits, 0 errors, 0 left on base; Vancouver 1 - Memphis 1
TOP OF THE 3RD
Vancouver Grizzlies batting - Pitching for Memphis Blues : RHP Cal Bates
Batting: SHB Dan King 0-0: Ball
1-0: Foul Ball, location: 3FF
1-1: Ball
2-1: Called Strike
2-2: Foul Ball, location: 3SF
2-2: Ball
3-2: Foul Ball, location: 2LF
3-2: DOUBLE (Flyball, 78XD, EV 91.9 MPH)
Batting: SHB Clint Beda 0-0: Ball
1-0: Swinging Strike
1-1: Swinging Strike
1-2: Strikes out swinging
Batting: RHB Sergio Herrera 0-0: Called Strike
0-1: Ball
1-1: Foul Ball, location: 5F
1-2: Fly out, F8 (Flyball, 8RS, EV 76.3 MPH)
Batting: LHB Tony Chapa 0-0: Foul Ball, location: 3F
0-1: Foul Ball, location: 7LSF
0-2: Strikes out swinging
Top of the 3rd over - 0 runs, 1 hit, 0 errors, 1 left on base; Vancouver 1 - Memphis 1
BOTTOM OF THE 3RD
Memphis Blues batting - Pitching for Vancouver Grizzlies : LHP Jim Dotterweich
Batting: RHB Cisco Irizarry 0-0: Ball
1-0: Ground out 4-3 (Groundball, 4, EV 103.1 MPH)
Batting: RHB Bobby Castoro 0-0: Called Strike
0-1: Foul Ball, location: 2F
0-2: Strikes out looking
Batting: SHB Dominic Sackett Jr. 0-0: Called Strike
0-1: Ball
1-1: Ball
2-1: Fly out, F9 (Flyball, 9, EV 95.6 MPH)
Bottom of the 3rd over - 0 runs, 0 hits, 0 errors, 0 left on base; Vancouver 1 - Memphis 1
TOP OF THE 4TH
Vancouver Grizzlies batting - Pitching for Memphis Blues : RHP Cal Bates
Batting: RHB Stan Struchen 0-0: Ball
1-0: Foul Ball, location: 2F
1-1: Foul Ball, location: 9LMF
1-2: Ball
2-2: Fly out, F7 (Line Drive, 7S, EV 85.0 MPH)
Batting: RHB José Montero 0-0: Ball
1-0: Foul Ball, location: 9LSF
1-1: Ball
2-1: Ball
3-1: Foul Ball, location: 2F
3-2: Ground out 3-1 (Groundball, 34, EV 91.3 MPH)
Batting: RHB Liam Castro 0-0: SINGLE (Groundball, 6MD, EV 106.9 MPH)
Batting: RHB Dan Breindel 0-0: Foul Ball, location: 5F
0-1: Ball
1-1: Ball
Liam Castro steals 2nd base
2-1: SINGLE (Line Drive, 56, EV 98.8 MPH)
Liam Castro to third
Runner from 3rd tries for Home, SAFE, throw by LF to home
Batting: RHB Ed Nigro 0-0: Swinging Strike
0-1: Fly out, F9 (Flyball, 89S, EV 91.3 MPH)
Top of the 4th over - 1 run, 2 hits, 0 errors, 1 left on base; Vancouver 2 - Memphis 1
BOTTOM OF THE 4TH
Memphis Blues batting - Pitching for Vancouver Grizzlies : LHP Jim Dotterweich
Batting: LHB Dan Gaccione 0-0: Called Strike
0-1: Called Strike
0-2: Fly out, F5 (Popup, 56S, EV 87.5 MPH)
Batting: SHB Jesús Escobedo 0-0: Foul Ball, location: 5DF
0-1: Ball
1-1: Foul Ball, location: 23F
1-2: Strikes out swinging
Batting: RHB Dave Goff 0-0: Foul Ball, location: 7LMF
0-1: SOLO HOME RUN (Flyball, 89XD, EV 101.9 MPH), Distance : 400 ft
Batting: LHB Beau Wainright 0-0: Foul Ball, location: 23FF
0-1: Foul Ball, location: 5F
0-2: Ground out U3 (Groundball, 34D, EV 102.5 MPH)
Bottom of the 4th over - 1 run, 1 hit, 0 errors, 0 left on base; Vancouver 2 - Memphis 2
TOP OF THE 5TH
Vancouver Grizzlies batting - Pitching for Memphis Blues : RHP Cal Bates
Batting: SHB Dan King 0-0: SINGLE (Line Drive, 8RS, EV 92.5 MPH)
Batting: SHB Clint Beda 0-0: Ball
Dan King steals 2nd base (no throw)
1-0: Called Strike
1-1: Called Strike
1-2: Strikes out swinging
Batting: RHB Sergio Herrera 0-0: Ball
1-0: Fly out, F7 (Flyball, 7, EV 84.4 MPH)
Batting: LHB Tony Chapa 0-0: Ball
1-0: Ball
2-0: Foul Ball, location: 2F
2-1: Ground out 4-3 (Groundball, 4, EV 93.1 MPH)
Top of the 5th over - 0 runs, 1 hit, 0 errors, 1 left on base; Vancouver 2 - Memphis 2
BOTTOM OF THE 5TH
Memphis Blues batting - Pitching for Vancouver Grizzlies : LHP Jim Dotterweich
Batting: SHB Marty Byrde 0-0: Ground out 4-3 (Groundball, 4, EV 88.1 MPH)
Batting: RHB Jesús Pérez 0-0: Ground out 1-3 (Groundball, 13S, EV 62.5 MPH)
Batting: RHB Cisco Irizarry 0-0: Ball
1-0: Ball
2-0: Ball
3-0: Called Strike
3-1: Swinging Strike
3-2: Strikes out looking
Bottom of the 5th over - 0 runs, 0 hits, 0 errors, 0 left on base; Vancouver 2 - Memphis 2
TOP OF THE 6TH
Vancouver Grizzlies batting - Pitching for Memphis Blues : RHP Cal Bates
Pitching: RHP Albert Espinosa
Batting: RHB Stan Struchen 0-0: Swinging Strike
0-1: Ball
1-1: Ball
2-1: Called Strike
2-2: Foul Ball, location: 2F
2-2: Ball
3-2: Strikes out swinging
Batting: RHB José Montero 0-0: Called Strike
0-1: Called Strike
0-2: Foul Ball, location: 5F
0-2: Foul Ball, location: 2F
0-2: Ball
1-2: Strikes out swinging
Batting: RHB Liam Castro 0-0: Ball
1-0: Ground out 1-3 (Groundball, 15, EV 68.8 MPH)
Top of the 6th over - 0 runs, 0 hits, 0 errors, 0 left on base; Vancouver 2 - Memphis 2
BOTTOM OF THE 6TH
Memphis Blues batting - Pitching for Vancouver Grizzlies : LHP Jim Dotterweich
Batting: RHB Bobby Castoro 0-0: DOUBLE (Line Drive, 5D, EV 101.3 MPH)
Batting: SHB Dominic Sackett Jr. 0-0: Intentional Walk
Batting: LHB Dan Gaccione 0-0: Called Strike
0-1: Ball
1-1: Ball
2-1: Ball
3-1: Called Strike
3-2: Foul Ball, location: 2F
3-2: TRIPLE (Line Drive, 9D, EV 100.6 MPH)
Bobby Castoro scores
Dominic Sackett Jr. scores
Batting: SHB Jesús Escobedo 0-0: Intentional Walk
Batting: RHB Dave Goff 0-0: Foul Ball, location: 2F
0-1: Called Strike
0-2: DOUBLE (Flyball, 8RXD, EV 108.1 MPH)
Dan Gaccione scores
Jesús Escobedo to third
Runner from 3rd tries for Home, SAFE, throw by CF to home
Batting: LHB Beau Wainright 0-0: Intentional Walk
Pitching: LHP Steve Tessner
Batting: SHB Marty Byrde 0-0: Ball
1-0: Foul Ball, location: 2F
1-1: Called Strike
1-2: Strikes out swinging
Batting: RHB Jesús Pérez 0-0: Fly out, F7 (Flyball, 7LM, EV 92.5 MPH)
Batting: RHB Cisco Irizarry 0-0: Foul Ball, location: 7LSF
0-1: Called Strike
0-2: Ball
1-2: Ball
2-2: Foul Ball, location: 9LDF
2-2: Strikes out looking
Bottom of the 6th over - 4 runs, 3 hits, 0 errors, 2 left on base; Vancouver 2 - Memphis 6
TOP OF THE 7TH
Vancouver Grizzlies batting - Pitching for Memphis Blues : RHP Albert Espinosa
Batting: RHB Dan Breindel 0-0: Ball
1-0: SINGLE (Groundball, 6D, EV 95.0 MPH)
Batting: RHB Ed Nigro 0-0: Ball
1-0: Called Strike
1-1: Fly out, F7 (Flyball, 7, EV 91.3 MPH)
Batting: SHB Dan King 0-0: Ball
1-0: Fly out, F8 (Flyball, 8LXD, EV 94.4 MPH)
Batting: SHB Clint Beda 0-0: Ball
1-0: Called Strike
Dan Breindel steals 2nd base
1-1: Swinging Strike
1-2: DOUBLE (Line Drive, 7LS, EV 99.4 MPH)
Dan Breindel scores
Batting: RHB Sergio Herrera 0-0: Fly out, F9 (Flyball, 9, EV 87.5 MPH)
Top of the 7th over - 1 run, 2 hits, 0 errors, 1 left on base; Vancouver 3 - Memphis 6
BOTTOM OF THE 7TH
Memphis Blues batting - Pitching for Vancouver Grizzlies : LHP Steve Tessner
Batting: RHB Bobby Castoro 0-0: Called Strike
0-1: Foul Ball, location: 9LSF
0-2: Foul Ball, location: 5FF
0-2: Ball
1-2: Ball
2-2: Ball
3-2: Fly out, F8 (Line Drive, 78M, EV 98.8 MPH)
Batting: SHB Dominic Sackett Jr. 0-0: Ball
1-0: Ball
2-0: Ground out 4-3 (Groundball, 4, EV 103.8 MPH)
Batting: LHB Dan Gaccione 0-0: Called Strike
0-1: Called Strike
0-2: Strikes out swinging
Bottom of the 7th over - 0 runs, 0 hits, 0 errors, 0 left on base; Vancouver 3 - Memphis 6
TOP OF THE 8TH
Vancouver Grizzlies batting - Pitching for Memphis Blues : RHP Albert Espinosa
Batting: LHB Tony Chapa 0-0: Ball
1-0: Foul Ball, location: 2F
1-1: Foul Ball, location: 5FF
1-2: Ball
2-2: Strikes out looking
Pinch Hitting: LHB Alexander Kozlov 0-0: SINGLE (Line Drive, 8RS, EV 100.6 MPH)
Batting: RHB José Montero 0-0: Ball
1-0: Ball
2-0: Fly out, F9 (Flyball, 9D, EV 89.4 MPH)
Batting: RHB Liam Castro 0-0: Called Strike
0-1: Ball
1-1: Called Strike
1-2: Foul Ball, location: 9LMF
1-2: Foul Ball, location: 2F
1-2: Fly out, F1 (Line Drive, P, EV 63.8 MPH)
Top of the 8th over - 0 runs, 1 hit, 0 errors, 1 left on base; Vancouver 3 - Memphis 6
BOTTOM OF THE 8TH
Memphis Blues batting - Pitching for Vancouver Grizzlies : LHP Steve Tessner
Pitching: RHP Von Harkenrider
Now at 1B: Jon Miller
Batting: SHB Jesús Escobedo 0-0: Ball
1-0: Foul Ball, location: 9LMFF
1-1: Ball
2-1: Called Strike
2-2: Strikes out swinging
Batting: RHB Dave Goff 0-0: Ball
1-0: Foul Ball, location: 2F
1-1: Ground out 6-3 (Groundball, 6S, EV 85.0 MPH)
Batting: LHB Beau Wainright 0-0: Ball
1-0: Ball
2-0: Ground out 6-3 (Groundball, 6, EV 101.3 MPH)
Bottom of the 8th over - 0 runs, 0 hits, 0 errors, 0 left on base; Vancouver 3 - Memphis 6
TOP OF THE 9TH
Vancouver Grizzlies batting - Pitching for Memphis Blues : RHP Albert Espinosa
Pitching: LHP Dan Thiner
Batting: RHB Dan Breindel 0-0: Called Strike
0-1: Fly out, F9 (Line Drive, 89M, EV 93.8 MPH)
Batting: RHB Ed Nigro 0-0: Ball
1-0: Ball
2-0: Ball
3-0: Base on Balls
Batting: SHB Dan King 0-0: Foul Ball, location: 25FF
0-1: Fielders Choice at 2nd, 4-6 (Groundball, 4M, EV 103.1 MPH)
Batting: SHB Clint Beda 0-0: Ball
1-0: Called Strike
1-1: Foul Ball, location: 5DF
1-2: Strikes out swinging
Top of the 9th over - 0 runs, 0 hits, 0 errors, 1 left on base; Vancouver 3 - Memphis 6
Thursday, February 22nd , 2024 - OOTP Baseball 24.11 Build 85